 Dungeon Crawl Stone Soup version 0.31-a0-229-g1fc7ce93e2 (webtiles) character file.

Game seed: 5855999650780154675

70 qw the Shooter (level 4, 0/26 HPs)
             Began as a Gargoyle Hexslinger on July 6, 2023.
             Slain by an iguana (5 damage)
             ... on level 6 of the Dungeon.
             The game lasted 00:00:37 (1888 turns).

qw the Shooter (Gargoyle Hexslinger)                Turns: 1888, Time: 00:00:37

Health: 0/26       AC:  8    Str: 12    XL:     4   Next: 22%
Magic:  5/5        EV: 10    Int: 13    God:
Gold:   114        SH:  0    Dex: 14    Spells: 4/5 levels left

rFire   . . .        Y - +1 sling
rCold   . . .        (no shield)
rNeg    + . .        e - +0 ring mail
rPois   inf          (no helmet)
rElec   +            (no cloak)
rCorr   .            (no gloves)
SInv    .            (no boots)
Will    .....        (no amulet)
Stlth   +            (no ring)
HPRegen 0.24/turn    (no ring)
MPRegen 0.09/turn

%: no passive effects
@: about to teleport
A: sickness immunity, AC +3, negative energy resistance 1, electricity
resistance, torment resistance 1, petrification resistance
a: no special abilities


You were on level 6 of the Dungeon.
You visited 1 branch of the dungeon, and saw 4 of its levels.

You collected 114 gold pieces.


Innate Abilities, Weirdness & Mutations

You are immune to sickness and miasma.
Your stone body is resilient. (AC +3)
You are immune to poison.
You resist negative energy. (rN+)
You are resistant to electric shocks. (rElec)
You are resistant to unholy torment.
You are immune to petrification.


   Skills:
 - Level 2.0 Fighting
 - Level 4.0 Ranged Weapons
 + Level 0.0 Armour
 - Level 1.5 Dodging
 - Level 1.0 Spellcasting
 - Level 2.6 Hexes


You had 4 spell levels left.
You knew the following spells:

 Your Spells              Type           Power      Damage    Failure   Level
a - Slow                  Hex            28%        N/A       22%         1

Your spell library contained the following spells:

 Spells                   Type           Power      Damage    Failure   Level
 Inner Flame              Hex/Fire       4%         N/A       73%         3
 Portal Projectile        Hex/Tloc       8%         N/A       73%         3
 Cause Fear               Hex            3%         N/A       91%         4

Inventory:

Hand Weapons
 Y - a +1 sling (weapon)
Armour
 e - a +0 ring mail (worn)
Scrolls
 g - 2 scrolls of identify
 h - a scroll of enchant armour
Potions
 b - a potion of heal wounds {unknown}
 f - 3 potions of curing
 i - a potion of mutation {unknown}

Dungeon Overview and Level Annotations

Branches:
Dungeon (3/15)

Altars:


Message History

f - 3 potions of curing (gained 1)
Found a stone staircase leading down.
An iguana comes into view.
You shoot a sling bullet. The sling bullet hits the iguana.
The iguana is lightly wounded.
You shoot a sling bullet.
The sling bullet closely misses the iguana.
You shoot a sling bullet. The sling bullet hits the iguana.
The iguana is lightly wounded.
You shoot a sling bullet.
The sling bullet barely misses the iguana.
You shoot a sling bullet.
The sling bullet closely misses the iguana.
The iguana barely misses you.
You shoot a sling bullet.
The sling bullet hits the iguana but does no damage.
The iguana is lightly wounded.
The iguana bites you! The iguana bites you.
You shoot a sling bullet.
The sling bullet hits the iguana but does no damage.
The iguana is lightly wounded.
The iguana misses you.
You shoot a sling bullet.
The sling bullet closely misses the iguana.
The iguana closely misses you.
You shoot a sling bullet.
The sling bullet barely misses the iguana.
The iguana bites you. x2
1886 ||| READING scroll of teleportation.
As you read the scroll of teleportation, it crumbles to dust.
You feel strangely unstable. The iguana closely misses you.
You shoot a sling bullet.
The sling bullet hits the iguana but does no damage.
The iguana is lightly wounded.
The iguana barely misses you.
You shoot a sling bullet.
The sling bullet barely misses the iguana.
The iguana bites you.
You die...

.#.#.#.#.#............
.#.#.#.#.............
.#.#.#.#............
.#.#.#..#...#######
#.#...#...#..#
.#+...+##.##.# #..
#..#.# .#.#.###...###
.......@..#
.......l..#
.........>...
..........####
..........#
..........#
..........#
..........#


You could see an iguana.

Vanquished Creatures
  A gnoll (D:1)
  2 adders
  A dart slug (D:2)
  2 bats (D:1)
  6 endoplasms
  4 giant cockroaches
  A goblin (D:1)
  3 hobgoblins
  4 quokkas (D:1)
  5 ball pythons
  A frilled lizard (D:1)
  3 kobolds
  3 rats
36 creatures vanquished.

Notes
Turn   | Place    | Note
-------+----------+-------------------------------------------
     0 | D:1      | qw the Gargoyle Hexslinger began the quest for the Orb.
     0 | D:1      | Reached XP level 1. HP: 12/12 MP: 2/2
     0 | D:1      | 0 ||| qw: Version: 0.3-a-46-gb1f654a
     0 | D:1      | 0 ||| qw: Game counter: 1592
     0 | D:1      | 0 ||| qw: Melee chars always use a shield: true
     0 | D:1      | 0 ||| qw: God list: Okawaru
     0 | D:1      | 0 ||| qw: Allow faded altars: false
     0 | D:1      | 0 ||| qw: Do Orc after clearing Dungeon:15 true
     0 | D:1      | 0 ||| qw: Do second Lair branch before Depths: true
     0 | D:1      | 0 ||| qw: Lair rune preference: random
     0 | D:1      | 0 ||| qw: Goals: Normal
     0 | D:1      | 0 ||| PLANNING D:1-11
    67 | D:1      | Reached skill level 3 in Ranged Weapons
    67 | D:1      | Reached XP level 2. HP: 11/16 MP: 3/3
   387 | D:1      | Reached XP level 3. HP: 21/21 MP: 4/4
   651 | D:1      | 651 ||| UPGRADING to +0 ring mail.
   661 | D:1      | 661 ||| DROPPING +0 robe.
   662 | D:1      | 662 ||| READING scroll labelled BUFAIXTO MEPUQ.
   663 | D:1      | 663 ||| READING 2 scrolls labelled JYON JUCEUDU.
   664 | D:1      | 664 ||| READING 2 scrolls labelled MOJIRO DOOW.
   665 | D:1      | 665 ||| READING scroll labelled CAGHORH QOKK.
   666 | D:1      | 666 ||| READING scroll labelled PACYT ZYIM.
   667 | D:1      | 667 ||| DRINKING 3 golden potions.
   668 | D:1      | 668 ||| DROPPING scroll of poison.
   669 | D:1      | 669 ||| DROPPING scroll of revelation.
   838 | D:2      | Found a faded altar of an unknown god.
  1604 | D:2      | Reached XP level 4. HP: 26/26 MP: 5/5
  1611 | D:2      | 1611 ||| DROPPING +6 ring of intelligence.
  1612 | D:2      | 1612 ||| READING scroll labelled YTAN OCOXEO.
  1617 | D:2      | 1617 ||| READING scroll labelled ACLIHI UGURID.
  1718 | D:2      | 1718 ||| READING scroll labelled YDYC GUCIXTA.
  1719 | D:2      | 1719 ||| READING 2 scrolls labelled HAILEUM HANTE.
  1720 | D:2      | 1720 ||| READING scroll labelled TIAMER YGIRIMM.
  1789 | D:3      | You fall into a shaft and drop 3 floors!
  1844 | D:6      | Reached skill level 4 in Ranged Weapons
  1885 | D:6      | HP: 4/26 [iguana (4)]
  1886 | D:6      | 1886 ||| READING scroll of teleportation.
  1888 | D:6      | Slain by an iguana

Levels and vault maps discovered:
D:1:      dpeg_arrival_rooms_c, layout_basic, minmay_tiny_reverse_x
D:2:      layout_basic, shapermc_ecumenical_altar_gd,
          corexii_item_surrounded_by_moat
D:3:      layout_basic, uniq_jessica, uniq_crazy_yiuf_cottage
D:6:      layout_basic, minivault_4

Skill      XL: |  1  2  3  4 |
---------------+-------------+-----
Ranged Weapons | 3 4 |  4.0
Fighting       | 2 |  2.0
Dodging        | |  1.5
Spellcasting   | |  1.0
Hexes          | |  2.6

Action                     |  1- 3 |  4- 6 || total
---------------------------+-------+-------++-------
   Fire: Sling             |   108 |    22 ||   130
    Use: Scroll            |     5 |     6 ||    11
         Potion            |     1 |       ||     1
 Armour: Robe              |    10 |       ||    10
         Ring mail         |    15 |     4 ||    19
  Dodge: Dodged            |    40 |    10 ||    50

Table legend:
 A = Non-vault XP
 B = Vault XP
 C = Vault XP percentage of total XP
 D = Non-vault monster count
 E = Vault monster count
 F = Vault count percentage of total count
                 A         B        C        D         E       F
            +---------+---------+-------+---------+---------+-------
      Total |      98 |       3 |   3.0 |      34 |       2 |   5.6
            +---------+---------+-------+---------+---------+-------
        D:1 |      48 |       3 |   5.9 |      20 |       2 |   9.1
        D:2 |      32 |       0 |   0.0 |      11 |       0 |   0.0
        D:3 |       4 |       0 |   0.0 |       2 |       0 |   0.0
        D:6 |      14 |       0 |   0.0 |       1 |       0 |   0.0
            +---------+---------+-------+---------+---------+-------
